 Dungeon Crawl Stone Soup version 0.28.0-1-gb440e238dd (webtiles) character file.

Game seed: 10722001439447738553

109 mortz the Conjurer (level 5, -1/35 HPs)
             Began as a Human Conjurer on Feb 27, 2022.
             Slain by an orc wizard (3 damage)
             ... on level 3 of the Dungeon.
             The game lasted 00:17:19 (3461 turns).

mortz the Conjurer (Human Conjurer)                 Turns: 3461, Time: 00:17:19

Health: -1/35      AC:  3    Str:  8    XL:     5   Next: 13%
Magic:  5/9        EV: 11    Int: 20    God:
Gold:   53         SH:  0    Dex: 11    Spells: 3/9 levels left

rFire   . . .      SeeInvis .   m - +0 short sword {short}
rCold   . . .      Faith    .   (no shield)
rNeg    . . .      Spirit   .   n - +0 leather armour
rPois   .          Reflect  .   (no helmet)
rElec   .          Harm     .   (no cloak)
rCorr   .          Rampage  .   (no gloves)
Will    .....                   (no boots)
Stlth   ++........              (no amulet)
HPRegen 0.11/turn               (no ring)
MPRegen 0.11/turn               (no ring)

@: mighty
A: no striking features
a: no special abilities


You were on level 3 of the Dungeon.
You visited 1 branch of the dungeon, and saw 4 of its levels.

You collected 53 gold pieces.


   Skills:
 + Level 0.7 Armour
 + Level 2.3 Dodging
 + Level 2.2 Stealth
 + Level 2.9 Spellcasting
 + Level 5.1 Conjurations


You had 3 spell levels left.
You knew the following spells:

 Your Spells              Type           Power      Damage    Failure   Level
a - Magic Dart            Conj           92%        1d7       2%          1
b - Searing Ray           Conj           46%        2d6       3%          2
c - Dazzling Flash        Conj/Hex       26%        N/A       22%         3

Your spell library contained the following spells:

 Spells                   Type           Power      Damage    Failure   Level
 Gell's Gravitas          Tloc           2%         N/A       52%         3
 Teleport Other           Tloc           2%         N/A       52%         3
 Fulminant Prism          Conj/Hex       6%         3d7       56%         4
 Iskenderun's Mystic Bla  Conj/Tloc      13%        2d5       56%         4
 Dispersal                Tloc           1%         N/A       100%        6

Inventory:

Hand Weapons
 c - a +0 whip {mace}
   (You took it off a kobold on level 1 of the Dungeon)
 d - a +0 dagger {short}
   (You took it off a goblin on level 1 of the Dungeon)
 m - a +0 short sword (weapon) {short}
   (You took it off a kobold on level 1 of the Dungeon)
Missiles
 e - 114 stones {throwing}
 q - 16 bolts
Armour
 a - a +0 robe
 n - a +0 leather armour (worn)
   (You found it on level 1 of the Dungeon)
 o - a +0 chain mail
   (You found it on level 2 of the Dungeon)
Scrolls
 l - a scroll of teleportation {unknown}
Potions
 b - a potion of magic {unknown}
 f - a potion of might
 i - a potion of mutation {unknown}
 k - a potion of curing {unknown}
 p - a potion of ambrosia {unknown}

Dungeon Overview and Level Annotations

Branches:
Dungeon (4/15)
 Temple: D:4-7

Altars:

Annotations:
D:4 Pikel

..<........o ...##.......
#### #.^.. ....##
..#..#### #..##.<..##
#...####..# ########.#.#
##{## #........#..## #@)##
#........# ...###..#######
#........# #..###.#.....#
#........# #.###.....).#
....##...#####......)....#
###.####...........#.....#
#.# ###########.......#
##.# ###........ ##..#
#########


There were no monsters in sight!


Message History

An orc wizard comes into view. It is wielding a +0 dagger.
Aiming: Magic Dart (safe; 2% risk of failure)
Press: ? - help, Q - select action, (/) - cycle Shift-Dir - straight line, f - orc wizard
Aim: an orc wizard, wielding a +0 dagger and wearing a +0 robe (wandering, hasn't noticed you, 100% to hit)
The magic dart hits the orc wizard.
The orc wizard shouts!
You hear a shout!
The orc wizard gestures wildly while chanting.
The orc wizard flickers and vanishes!
Deactivating autopickup; reactivate with Ctrl-A. 😎 MP[-1]
You lost 1 mp, and now have 8/9 mp.
Aiming: Magic Dart (safe; 2% risk of failure)
Press: ? - help, Q - select action, (/) - cycle Shift-Dir - straight line, f - adder
Aim: an adder (wandering, hasn't noticed you, 100% to hit)
The magic dart hits the adder.
The adder hisses angrily. 😎 MP[-1]
You lost 1 mp, and now have 7/9 mp.
Aiming: Magic Dart (safe; 2% risk of failure)
Press: ? - help, Q - select action, (/) - cycle Shift-Dir - straight line, f - you
Okay, then.
Casting: Magic Dart (safe; 2% risk of failure)
Confirm with . or Enter, or press ? or * to list all spells.
Aiming: Magic Dart (safe; 2% risk of failure)
Press: ? - help, Shift-Dir - straight line The magic dart hits something. 😎 MP[-1]
You lost 1 mp, and now have 6/9 mp.
The adder bites you.
There is a stone staircase leading up here. 😕 HP[-2]
You take 2 damage, and now have 33/35 hp. 😕 HP[+1]
The adder bites you.
You are poisoned.
The adder poisons you! 😕 HP[-2] MP[+1]
You take 2 damage, and now have 32/35 hp.
Casting: Magic Dart (safe; 2% risk of failure)
Confirm with . or Enter, or press ? or * to list all spells.
Aiming: Searing Ray (safe; 3% risk of failure)
Press: ? - help, Shift-Dir - straight line, f - adder
Aim: an adder (63% to hit)
The searing ray hits the adder.
The searing ray hits something. (Press . to maintain the ray.)
You feel sick.
The adder barely misses you. 😕 HP[-1] MP[-2]
You take 1 damage, and now have 31/35 hp.
You lost 2 mp, and now have 5/9 mp.
The searing ray hits the adder!
You kill the adder!
You feel sick.
You hear some strange, mumbled words.
You are confused. 😕 HP[-1] MP[-1]
You take 1 damage, and now have 30/35 hp.
You lost 1 mp, and now have 4/9 mp.
You feel sick. Something hits you. 😮 HP[-4]
You take 4 damage, and now have 26/35 hp.
You closely miss the orc.
You feel sick.
You are no longer poisoned.
Something hits you.
The orc hits you but does no damage. 😮 HP[-4]
You take 4 damage, and now have 22/35 hp.
You closely miss the orc. Something hits you. The orc closely misses you.
Something hits you. 😮 HP[-4]
You take 4 damage, and now have 18/35 hp.
You bump into the rock wall.
The orc barely misses you.
You hear some strange, mumbled words.
A puff of flame appears from out of thin air!
The puff of flame hits you.
* * * LOW HITPOINT WARNING * * *
😨 HP[-3]
You take 3 damage, and now have 15/35 hp. 😨 HP[+1]
You feel very mighty all of a sudden.
You feel less confused.
You hear some strange, mumbled words.
A puff of flame appears from out of thin air!
The puff of flame hits you.
* * * LOW HITPOINT WARNING * * *
😨 HP[-5] MP[+1]
You take 5 damage, and now have 11/35 hp.
You hit the orc. The orc hits you with a +0 short sword.
* * * LOW HITPOINT WARNING * * *
😱 HP[-5]
You take 5 damage, and now have 6/35 hp.
You closely miss the orc. The orc barely misses you.
You hear some strange, mumbled words.
A magic dart appears from out of thin air!
The magic dart hits you.
* * * LOW HITPOINT WARNING * * *
😱 HP[-4]
You take 4 damage, and now have 2/35 hp.
You puncture the orc!
You kill the orc!
Something hits you.
You die...

Skill      XL: |  1  2  3  4 |
---------------+-------------+-----
Conjurations   | 5 |  5.1
Armour         | |  0.7
Dodging        | |  2.3
Stealth        | |  2.2
Spellcasting   | |  2.9

Action                   |  1- 3 |  4- 6 || total
-------------------------+-------+-------++-------
Melee: Short sword       |       |    12 ||    12
 Cast: Magic Dart        |    65 |    23 ||    88
       Searing Ray       |     4 |    12 ||    16
       Dazzling Flash    |       |     1 ||     1
  Use: Scroll            |       |     3 ||     3
       Potion            |       |     2 ||     2
Armor: Robe              |     2 |       ||     2
       Leather armour    |       |    14 ||    14
Dodge: Dodged            |     6 |    24 ||    30

Levels and vault maps discovered:
D:1:      matt_arrival_refuge, layout_loops_corners, minmay_misc_feat_diagonals,
          amcnicky_mini_corridor_feature, minmay_tiny_reverse_x
D:2:      layout_basic
D:3:      layout_rooms
D:4:      layout_gridville, uniq_natasha, uniq_menkaure, uniq_robin, uniq_pikel

Notes
Turn   | Place    | Note
-------+----------+-------------------------------------------
     0 | D:1      | mortz the Human Conjurer began the quest for the Orb.
     0 | D:1      | Reached XP level 1. HP: 13/13 MP: 3/3
     0 | D:1      | magus.rc [v1.9.6]
   279 | D:1      | Reached XP level 2. HP: 19/19 MP: 0/5
   684 | D:1      | You fall into a shaft and drop 1 floor!
   825 | D:1      | Reached XP level 3. HP: 22/24 MP: 3/6
   988 | D:1      | Learned a level 2 spell: Searing Ray
  1691 | D:2      | You add the spells Gell's Gravitas, Teleport Other and
                  | Dispersal to your library.
  1920 | D:2      | Reached XP level 4. HP: 30/30 MP: 5/7
  2283 | D:2      | Reached skill level 5 in Conjurations
  3004 | D:2      | Learned a level 3 spell: Dazzling Flash
  3022 | D:4      | HP: 7/30 [frozen (5)]
  3029 | D:4      | Noticed a lemure
  3029 | D:4      | Noticed a lemure
  3030 | D:4      | Noticed Pikel
  3030 | D:4      | Noticed a lemure
  3030 | D:4      | Noticed a lemure
  3044 | D:4      | HP: 4/30 [goblin (3)]
  3048 | D:3      | HP: 1/30 [goblin (2)]
  3391 | D:3      | Reached XP level 5. HP: 35/35 MP: 4/9
  3459 | D:3      | HP: 6/35 [orc (5)]
  3460 | D:3      | HP: 2/35 [something/magic dart (4)]
  3461 | D:3      | Slain by an orc wizard

Vanquished Creatures
  4 adders
  3 dart slugs
  6 orcs
  10 ball pythons
  5 endoplasms
  A giant cockroach (D:1)
  4 goblins
  11 hobgoblins
  2 jackals (D:2)
  5 kobolds
  A quokka (D:1)
  A bat (D:1)
  4 frilled lizards
  2 rats (D:1)
59 creatures vanquished.

Table legend:
 A = Non-vault XP
 B = Vault XP
 C = Vault XP percentage of total XP
 D = Non-vault monster count
 E = Vault monster count
 F = Vault count percentage of total count
                 A         B        C        D         E       F
            +---------+---------+-------+---------+---------+-------
      Total |     156 |       3 |   1.9 |      57 |       2 |   3.4
            +---------+---------+-------+---------+---------+-------
        D:1 |      37 |       3 |   7.5 |      23 |       2 |   8.0
        D:2 |      63 |       0 |   0.0 |      21 |       0 |   0.0
        D:3 |      43 |       0 |   0.0 |      12 |       0 |   0.0
        D:4 |      13 |       0 |   0.0 |       1 |       0 |   0.0
            +---------+---------+-------+---------+---------+-------

Illustrated notes

Table legend:
 A = Kills in this place as a percentage of kills in entire the game.
 B = Kills by you in this place as a percentage of kills by you in the entire game.
 C = Kills by friends in this place as a percentage of kills by friends in the entire game.
 D = Other kills in this place as a percentage of other kills in the entire game.
 E = Experience gained in this place as a percentage of experience gained in the entire game.
 F = Experience gained in this place divided by the number of levels of this place that you have seen.
                   A       B       C       D       E      F
               +-------+-------+-------+-------+-------+----------------------
         Total | 100.0 | 100.0 |   N/A |   N/A | 100.0 |  39.8
       Dungeon | 100.0 | 100.0 |   N/A |   N/A | 100.0 |  39.8
               +-------+-------+-------+-------+-------+----------------------

Table legend: (Time is in decaauts)
 A = Elapsed time spent in this place.
 B = Non-inter-level travel time spent in this place.
 C = Inter-level travel time spent in this place.
 D = Time resting spent in this place.
 E = Time spent auto-exploring this place.
 F = Levels seen in this place.
 G = Mean time per level.
                   A        B        C        D        E       F      G
               +--------+--------+--------+--------+--------+-----+--------+
         Total |   3462 |   3364 |     98 |   1368 |   1473 |   4 |  865.5 |
       Dungeon |   3462 |   3364 |     98 |   1368 |   1473 |   4 |  865.5 |
               +--------+--------+--------+--------+--------+-----+--------+

Top non-repeatable levels by time:
     D:2: 1433 daAuts
     D:1: 1388 daAuts
     D:3: 610 daAuts
     D:4: 30 daAuts
